 Dungeon Crawl Stone Soup version 0.29-a0-834-g1e95ca9f62 (webtiles) character file.

Game seed: 7917671959819890578

7091 SkeletonJelly the Cleaver (level 10, -4/80 HPs)
             Began as a Demonspawn Fighter on July 13, 2022.
             Was a Believer of Makhleb.
             Slain by a cane toad (7 damage)
             ... while petrified by a basilisk
             ... on level 1 of the Lair of Beasts.
             The game lasted 00:20:38 (9482 turns).

SkeletonJelly the Cleaver (Demonspawn Fighter)      Turns: 9482, Time: 00:20:39

Health: -4/80      AC: 21    Str: 26    XL:     10   Next: 84%
Magic:  15/15      EV:  2    Int: 15    God:    Makhleb [**....]
Gold:   521        SH:  0    Dex: 14    Spells: 9/9 levels left

rFire   + + .      SeeInvis .   a - +1 war axe
rCold   + . .      Faith    +   c - +0 buckler
rNeg    + + +      Spirit   .   m - +1 plate armour {rF+}
rPois   ∞          Reflect  .   (helmet restricted)
rElec   +          Harm     .   D - +1 cloak
rCorr   +          Rampage  .   k - +1 pair of gloves
Will    .....                   w - +1 pair of boots
Stlth   ..........              C - amulet of faith
HPRegen 0.23/turn               z - ring "Nonauph" {Fly rCorr Str+6 Int+6}
MPRegen 0.14/turn               J - ring of poison resistance

@: lethally poisoned (-4 -> -4), resistant, petrified, flying, slowed
A: horns 1, yellow scales 1, demonic guardian 2
a: Renounce Religion, Minor Destruction


You were on level 1 of the Lair of Beasts.
You worshipped Makhleb.
Makhleb was pleased with you.
You visited 3 branches of the dungeon, and saw 11 of its levels.

You collected 521 gold pieces.

Inventory:

Hand Weapons
 a - a +1 war axe (weapon)
Missiles
 j - 14 poisoned darts (quivered)
 M - 3 curare-tipped darts
Armour
 b - a +0 scale mail
 c - a +0 buckler (worn)
 e - a +0 cloak
 k - a +1 pair of gloves (worn)
 m - a +1 plate armour of fire resistance (worn)
 n - a +3 ring mail
 w - a +1 pair of boots (worn)
 D - a +1 cloak (worn)
Jewellery
 z - the ring "Nonauph" (left hand) {Fly rCorr Str+6 Int+6}
   (You found it on level 4 of the Dungeon)

   [ring of intelligence]

   Str:       It affects your strength (+6).
   Int:       It affects your intelligence (+6).
   Fly:       It grants you flight.
   rCorr:     It protects you from acid and corrosion.
 C - an amulet of faith (around neck)
 J - a ring of poison resistance (right hand)
 L - an amulet of magic regeneration
Wands
 y - a wand of flame (100)
 E - a wand of polymorph (7)
 H - a wand of roots (8)
 I - a wand of quicksilver (2)
Scrolls
 g - 2 scrolls of immolation {unknown}
 h - 11 scrolls of identify
 l - a scroll of fog {unknown}
 p - a scroll of enchant weapon
 t - 4 scrolls of teleportation {unknown}
 u - 2 scrolls of poison {unknown}
 v - 2 scrolls of blinking {unknown}
 x - 2 scrolls of silence {unknown}
 B - a scroll of noise {unknown}
 F - a scroll of fear {unknown}
 G - 2 scrolls of acquirement {unknown}
 K - a scroll of vulnerability {unknown}
 O - 3 scrolls of enchant armour {unknown}
Potions
 d - a potion of invisibility
 f - a potion of magic {unknown}
 i - 2 potions of brilliance {unknown}
 o - 2 potions of resistance
 q - a potion of degeneration {unknown}
 r - 2 potions of berserk rage {unknown}
 s - 2 potions of mutation {unknown}
 A - 3 potions of might
 N - a potion of flight {unknown}
 P - 3 potions of curing {unknown}


   Skills:
 - Level 8.0 Fighting
 - Level 12.5 Axes
 * Level 3.7 Armour
 - Level 2.6 Shields
 + Level 7.6 Invocations


You had 9 spell levels left.
You didn't know any spells.
Your spell library contained the following spells:

 Spells                   Type           Power      Damage    Failure   Level
 Magic Dart               Conj           0%         1d3       99%         1
 Ensorcelled Hibernation  Hex/Ice        0%         N/A       100%        2
 Poisonous Vapours        Pois/Air       0%         N/A       100%        2
 Searing Ray              Conj           0%         2d4       100%        2
 Ozocubu's Armour         Ice            0%         N/A       100%        3
 Spider Form              Tmut/Pois      0%         N/A       100%        3
 Anguish                  Hex/Necr       0%         N/A       100%        4
 Corpse Rot               Necr/Pois/Air  0%         N/A       100%        4
 Fulminant Prism          Conj/Hex       0%         3d6       100%        4
 Passage of Golubria      Tloc           0%         N/A       100%        4
 Metabolic Englaciation   Hex/Ice        0%         N/A       100%        5
 Silence                  Hex/Air        0%         N/A       100%        5
 Simulacrum               Ice/Necr       0%         N/A       100%        6
 Lehudib's Crystal Spear  Conj/Erth      0%         10d2      100%        8


Dungeon Overview and Level Annotations

Branches:
Dungeon (9/15)             Temple (1/1) D:5            Lair (1/6) D:8
    Orc (0/2) D:9

Altars:
Ashenzari
Cheibriados
Fedhas
Gozag
Kikubaaqudgha
Makhleb
Nemelex Xobeh
Okawaru
Qazlal
Ru
Sif Muna
Trog
Uskayaw
Vehumet
Wu Jian
Xom
Yredelemnul

Annotations:
D:7 2 transporters, Lemondrips's ghost, novice KoHu


Innate Abilities, Weirdness & Mutations

You have a pair of small horns on your head.
You are partially covered in yellow scales. (AC +2)
A demonic guardian rushes to your aid.


Message History

You take 2 damage, and have 78/80 hp.
You closely miss the cane toad. You headbutt the cane toad!
The cane toad is lightly wounded.
You barely miss the black bear. The cane toad barely misses you.
The black bear bites you but does no damage.
The black bear claws you but does no damage. x2
You hit the cane toad but do no damage.
You headbutt the cane toad, but do no damage.
The cane toad is lightly wounded.
You hit the black bear. The cane toad stings you.
The black bear completely misses you.
The black bear claws you but does no damage. x2
You take 4 damage, and have 74/80 hp.
You hit the cane toad.
The cane toad is moderately wounded.
You hit the black bear. The cane toad stings you.
You are poisoned.
The cane toad poisons you!
You take 2 damage, and have 72/80 hp.
You hit the cane toad but do no damage. You headbutt the cane toad!
The cane toad is heavily wounded.
You slash the black bear!
You feel very sick.
The black bear bites you but does no damage.
The black bear claws you.
The black bear claws you but does no damage.
The cane toad stings you!
You take 16 damage, and have 56/80 hp.
You hit the black bear.
The black bear is severely wounded.
You closely miss the cane toad.
You feel very sick.
The black bear goes berserk!
The cane toad barely misses you.
You take 3 damage, and have 53/80 hp.
You hit the black bear.
The black bear is almost dead.
You hit the cane toad.
You feel very sick.
The black bear bites you but does no damage.
The black bear claws you.
The black bear claws you but does no damage.
The cane toad stings you. The black bear bites you.
The black bear barely misses you. You block the black bear's attack.
You take 8 damage, and have 45/80 hp.
You barely miss the black bear.
The black bear is almost dead.
You barely miss the cane toad.
You feel sick. The cane toad barely misses you. The black bear bites you.
The black bear claws you but does no damage. x2
The cane toad stings you but does no damage.
You take 2 damage, and have 43/80 hp.
You slash the black bear!
You kill the black bear!
Makhleb accepts your kill.
You feel better.
You slash the cane toad!
You feel sick.
The cane toad stings you but does no damage.
You hit the cane toad but do no damage.
The cane toad is almost dead.
You closely miss the basilisk.
You feel sick. The cane toad stings you.
You take 3 damage, and have 41/80 hp.
You closely miss the cane toad.
The cane toad is almost dead.
You hit the basilisk.
You feel sick. The basilisk gazes at you.
You are slowing down.
The cane toad stings you but does no damage.
You take 2 damage, and have 39/80 hp.
Okay, then.
As you read the scroll labelled KAINAMO QAUPPI, it crumbles to dust.
It is a scroll of enchant weapon.
Your +0 war axe glows red for a moment.
The basilisk bites you!
The cane toad stings you but does no damage.
The basilisk gazes at you. You resist with some effort.
The cane toad stings you!!
* * * LOW HITPOINT WARNING * * *
You are lethally poisoned!
The cane toad poisons you!
Your limbs are stiffening.
You take 15 damage, and have 24/80 hp.
It was a potion of resistance.
You feel protected.
* * * LOW HITPOINT WARNING * * *
You feel extremely sick.
The cane toad stings you but does no damage.
The basilisk bites you but does no damage.
You have turned to stone.
The cane toad stings you.
* * * LOW HITPOINT WARNING * * *
A demonic guardian appears!
The basilisk bites you but does no damage.
A torpor snail comes into view.
Being near the torpor snail leaves you feeling lethargic.
The cane toad stings you!
* * * LOW HITPOINT WARNING * * *
The basilisk bites you.
* * * LOW HITPOINT WARNING * * *
The cane toad stings you but does no damage.
The basilisk bites you!
* * * LOW HITPOINT WARNING * * *
The cane toad stings you!
You die...

#.....# P.....# #.....#
#.....# #.....# #.....#
#.....## #####
#......#####.#.###
...............4@#
...............lF#
.................≈≈≈Y...
.................≈w≈....
......................#.
..............(......##
#.....P#########......#
#.....## ##.....# ...
#....#


You could see a torpor snail, a cane toad (ally target), a basilisk and a
friendly orange demon (summoned, slow).

Vanquished Creatures
  2 cane toads (Lair:1)
  A komodo dragon (Lair:1)
  2 shadows (D:9)
  Sigmund (D:2)
  5 yaks (D:9)
  3 wyverns
  A fire bat (D:6)
  3 water moccasins
  A black bear (Lair:1)
  An orc warrior (D:9)
  2 ice beasts
  2 sky beasts
  4 wolves (Lair:1)
  A phantom (D:6)
  Blork the orc (D:6)
  A kobold brigand (D:8)
  2 bullfrogs (D:7)
  3 scorpions
  2 necrophages (D:5)
  2 gnoll sergeants
  4 wights (D:7)
  2 howler monkeys
  3 hounds
  Crazy Yiuf (D:6)
  3 orc priests
  3 orc wizards
  3 iguanas
  8 ogre zombies (D:9)
  3 adders
  6 gnolls
  A shadow imp (D:6)
  A white imp (D:5)
  A worm (D:3)
  4 dart slugs
  17 orcs
  7 ball pythons
  8 bats
  5 endoplasms
  3 giant cockroaches
  10 goblins
  9 hobgoblins
  10 kobolds
  3 quokkas
  2 frilled lizards (D:1)
  2 goblin zombies (D:9)
  A hobgoblin zombie (D:9)
  3 orc skeletons (D:9)
  18 orc zombies (D:9)
  4 rats
185 creatures vanquished.

Vanquished Creatures (collateral kills)
  A two-headed ogre (D:9)
  Urug (Lair:1)
  An ice beast (D:7)
  An ogre (D:6)
  2 wolves (Lair:1)
  A bullfrog (D:6)
  An orc zombie (D:9)
8 creatures vanquished.

Vanquished Creatures (others)
  4 fungi (D:6)
  4 plants (Lair:1)
8 creatures vanquished.

Grand Total: 201 creatures vanquished

Notes
Turn   | Place    | Note
-------+----------+-------------------------------------------
     0 | D:1      | SkeletonJelly the Demonspawn Fighter began the quest for
                  | the Orb.
     0 | D:1      | Reached XP level 1. HP: 18/18 MP: 1/1
    49 | D:1      | Reached skill level 2 in Axes
   173 | D:1      | Gained mutation: You have a pair of small horns on your
                  | head. [demonic ancestry]
   173 | D:1      | Reached XP level 2. HP: 24/24 MP: 2/2
   732 | D:2      | Reached XP level 3. HP: 28/29 MP: 3/3
   790 | D:2      | Noticed Sigmund
   815 | D:2      | Killed Sigmund
   816 | D:2      | Reached skill level 4 in Axes
   816 | D:2      | Gained mutation: A weak demonic guardian rushes to your
                  | aid. [demonic ancestry]
   816 | D:2      | Reached XP level 4. HP: 26/37 MP: 4/4
   816 | D:2      | Reached XP level 5. HP: 29/42 MP: 5/5
   969 | D:2      | Found a faded altar of an unknown god.
  1991 | D:3      | Gained mutation: A demonic guardian rushes to your aid.
                  | [demonic ancestry]
  1991 | D:3      | Reached XP level 6. HP: 13/49 MP: 6/6
  2453 | D:4      | Found an ornate altar of the Wu Jian Council.
  2518 | D:4      | Identified the ring "Nonauph" {Fly rCorr Str+6 Int+6}
  2738 | D:4      | Reached skill level 5 in Axes
  3236 | D:5      | Entered Level 5 of the Dungeon
  3244 | D:5      | Found a radiant altar of Vehumet.
  3275 | D:5      | Reached skill level 5 in Fighting
  3337 | D:5      | Gained mutation: You are partially covered in yellow
                  | scales. (AC +2) [demonic ancestry]
  3337 | D:5      | Reached XP level 7. HP: 54/56 MP: 7/7
  3434 | D:5      | Found a staircase to the Ecumenical Temple.
  3453 | D:5      | Reached skill level 6 in Axes
  3465 | Temple   | Entered the Ecumenical Temple
  4166 | D:6      | Noticed Blork the orc
  4177 | D:6      | Killed Blork the orc
  4292 | D:6      | Found a basalt altar of Yredelemnul.
  4303 | D:6      | Reached skill level 7 in Axes
  4480 | D:6      | Noticed Pikel
  4483 | D:6      | Noticed Pikel
  4483 | D:6      | Pikel changed into Pikel the fire bat
  4488 | D:6      | Killed Pikel the fire bat
  4489 | D:6      | Reached XP level 8. HP: 61/64 MP: 8/8
  4857 | D:6      | Found a blossoming altar of Fedhas.
  4860 | D:6      | Found a stormy altar of Qazlal.
  4862 | D:6      | Found a sacrificial altar of Ru.
  5456 | D:6      | Found an ancient bone altar of Kikubaaqudgha.
  5526 | D:6      | Reached skill level 8 in Axes
  5774 | D:6      | Found a runed translucent door.
  5775 | D:6      | Noticed Crazy Yiuf
  5783 | D:6      | Killed Crazy Yiuf
  6010 | D:7      | Noticed a moth of wrath
  6018 | D:7      | Noticed a two-headed ogre
  6019 | D:7      | Found a bloodstained altar of Trog.
  6019 | D:7      | Noticed Lemondrips's ghost (novice KoHu)
  6026 | D:7      | Found a transporter.
  6030 | D:7      | Found a transporter.
  6049 | D:7      | Reached skill level 9 in Axes
  6068 | D:7      | Reached XP level 9. HP: 70/72 MP: 9/9
  6900 | D:8      | Found a burning altar of Makhleb.
  6952 | D:8      | Found a hide-covered altar of Uskayaw.
  6953 | D:8      | Found a staircase to the Lair.
  6970 | D:8      | Became a worshipper of Makhleb the Destroyer
  6991 | D:8      | Noticed a +0 dagger
  6992 | D:8      | Noticed a +0 dagger
  7405 | D:9      | Reached skill level 10 in Axes
  7688 | D:9      | Found a sparkling altar of Nemelex Xobeh.
  7706 | D:9      | Reached * piety under Makhleb
  7718 | D:9      | Reached skill level 1 in Invocations
  8025 | D:9      | Reached skill level 11 in Axes
  8037 | D:9      | Reached XP level 10. HP: 56/80 MP: 11/13
  8041 | D:9      | Reached ** piety under Makhleb
  8350 | D:9      | Found a staircase to the Orcish Mines.
  8358 | D:9      | Noticed a two-headed ogre
  8364 | D:9      | Killed a two-headed ogre
  8365 | D:9      | Reached skill level 5 in Invocations
  8654 | Lair:1   | Entered Level 1 of the Lair of Beasts
  8665 | Lair:1   | Noticed a cane toad
  8674 | Lair:1   | Noticed Urug
  8676 | Lair:1   | Killed a cane toad
  8694 | Lair:1   | Killed Urug
  8695 | Lair:1   | Reached skill level 12 in Axes
  9059 | Lair:1   | Noticed a cane toad
  9071 | Lair:1   | Killed a cane toad
  9465 | Lair:1   | Noticed a cane toad
  9480 | Lair:1   | Noticed a torpor snail
  9482 | Lair:1   | HP: 3/80 [basilisk (5)]
  9482 | Lair:1   | Slain by a cane toad

Illustrated notes

Levels and vault maps discovered:
D:1:      dpeg_arrival_arbitrary_c, layout_loops_ring, kennysheep_flooded_box,
          hangedman_decor_points, minmay_pentomino_z4
D:2:      layout_basic, ebering_ecumenical_altar_rust, uniq_sigmund
D:3:      layout_loops_cross
D:4:      layout_gridville, kennysheep_mini_moat, hangedman_decor_lopped,
          minmay_tree_intersection
D:5:      layout_basic, lemuel_crystal_altar, minmay_temple_entry_large_hall
D:6:      layout_loops_corners, kiku_gazebo_pond_becter,
          mainiacjoe_overflow_small_starburst, minitemple, uniq_pikel,
          uniq_crazy_yiuf_cottage, uniq_blork_the_orc
D:7:      layout_rooms, gammafunk_ghost_wrathful_warriors
D:8:      layout_rooms, amcnicky_altar_gilded, dancing_weapons_uskayaw,
          lair_entry_dummy
D:9:      layout_basic, nemelex_xobeh_ov_fountains_minmay, zombieorc2_lemuel
Temple:   nicolae_temple_great_sept
Lair:1:   layout_hall_layers, basic_altar, st_stairs_3,
          nicolae_lair_lakeside_cave, serial_bayou_shore_a, uniq_urug

Skill      XL: |  1  2  3  4  5  6  7  8  9 10 |
---------------+-------------------------------+-----
Axes           | 2 4 5 7 9 11 12 | 12.5
Fighting       | 4 5 6 7 8 |  8.0
Invocations    | 4 7 |  7.6
Armour         | 3 |  3.7
Shields        | |  2.6

Action                   |  1- 3 |  4- 6 |  7- 9 | 10-12 || total
-------------------------+-------+-------+-------+-------++-------
Melee: War axe           |    59 |   115 |   355 |    89 ||   618
       Headbutt          |     3 |    24 |    70 |    20 ||   117
Throw: Dart              |       |       |       |     1 ||     1
Evoke: Wand              |       |       |     4 |     2 ||     6
  Use: Potion            |     1 |       |       |     5 ||     6
       Scroll            |       |       |     1 |     1 ||     2
Armor: Scale mail        |    36 |       |       |       ||    36
       Plate armour      |    21 |    92 |   191 |    91 ||   395
Dodge: Dodged            |    28 |    29 |    86 |    38 ||   181
Block: Buckler           |    13 |    22 |    59 |    17 ||   111

Table legend: (Time is in decaauts)
 A = Elapsed time spent in this place.
 B = Non-inter-level travel time spent in this place.
 C = Inter-level travel time spent in this place.
 D = Time resting spent in this place.
 E = Time spent auto-exploring this place.
 F = Levels seen in this place.
 G = Mean time per level.
                   A        B        C        D        E       F      G
               +--------+--------+--------+--------+--------+-----+--------+
         Total |   9569 |   9367 |    202 |      4 |   7852 |  11 |  869.9 |
       Dungeon |   8868 |   8671 |    197 |      4 |   7305 |   9 |  985.3 |
        Temple |    155 |    155 |      0 |      0 |    127 |   1 |  155.0 |
          Lair |    545 |    541 |      4 |      0 |    420 |   1 |  545.0 |
               +--------+--------+--------+--------+--------+-----+--------+

Top non-repeatable levels by time:
     D:6: 1850 daAuts
     D:9: 1293 daAuts
     D:7: 1042 daAuts
     D:4: 940 daAuts
     D:2: 828 daAuts
     D:3: 781 daAuts
     D:8: 780 daAuts
     D:1: 741 daAuts
     D:5: 609 daAuts
  Lair:1: 545 daAuts
  Temple: 155 daAuts
